Rowan, chaotic male elven Priest ---------- ---- |........| ..| |<.......| ----..`# # |........| |..-.|############-........| | | |..|..#### # -------- - |.-|- |---.| |....--+--....| |.............- | ---- --.{.....@.....| |........................G.)...| -+---.......... -+---|--...| -------- -- |(@.|.... |=f.|...| |*m@|...| -----...| ...| ----- Rowan the Acolyte Experience level: 5 Strength: 7 Dexterity: 13 Constitution: 13 Intelligence: 12 Wisdom: 19 Charisma: 9 Health: 0(36) Energy: 59(59) Def: 7 Gold: 0 Moves: 2566 Dungeon seed: f8l6woxhlvbQPpEt Game ID: Rowan_1615430028 Your Inventory: Weapons a - a blessed +1 mace (weapon in hand) C - a +0 crossbow (alternate weapon; not wielded) D - 14 blessed +1 crossbow bolts (in quiver) Armor e - a +1 robe (being worn) n - a +0 small shield (being worn) q - a +0 orcish helm (being worn) z - a +0 pair of iron shoes (being worn) Comestibles c - a clove of garlic d - a sprig of wolfsbane p - a food ration S - a food ration Rings t - a ring of cold resistance u - a ring of protection from shape changers Wands l - a wand of cold (0:7) y - a wand of sleep (0:8) Q - a wand of speed monster (0:6) Tools o - a lock pick E - a skeleton key H - a bag of holding J - 5 tallow candles (0:200) T - a partly used tallow candle (0:143) W - a wax candle (0:400) Contents of the bag of holding: 4 +2 arrows 9 blessed +1 arrows 13 +0 arrows a +0 bow 7 +0 daggers a blessed +1 orcish dagger a fortune cookie a spellbook of clairvoyance a spellbook of detect food a spellbook of healing a potion of enlightenment a potion of healing 4 potions of holy water a +0 pick-axe 5 tallow candles (0:200) 3 aquamarine stones an obsidian stone a worthless piece of black glass a worthless piece of white glass a worthless piece of yellow glass a worthless piece of yellowish brown glass Spells and supernatural/magical abilities: Name Level Category Fail Memory h - healing 1 healing 0% 57% E - detect food 2 divination 47% 32% W - pray for help -- divine ? -- X - turn undead -- divine ? -- Your skills at the end: Fighting Skills Weapon Skills mace [Basic] Spellcasting Skills clerical spells [Basic] Final Attributes: You were piously aligned. You were sleep resistant. You had infravision. You were held by a giant mimic. You are dead. Vanquished creatures: a gnome mummy 4 gnome lords 5 dwarves a kobold lord a giant bat 2 hobbits a large kobold a hobgoblin a giant rat 3 cave spiders 2 brown molds 19 gnomes 4 garter snakes a gnome zombie 3 geckos 5 jackals 2 foxes 2 kobolds 2 goblins 2 sewer rats 5 grid bugs 5 lichens 6 newts 78 creatures vanquished. Genocided species: master liches 1 species genocided. Voluntary challenges: You were an atheist. You used a wielded weapon 85 times, starting on turn 106. You read items or engraved 5 times, starting on turn 641. You genocided 1 type of monster, starting on turn 1232. You never polymorphed an object. You never changed form. You used no wishes. You never split a pudding. You never wrote Elbereth's name. You never violated your personal moral code. Dungeon overview: The Dungeons of Doom: levels 1 to 3 Level 1 some fountains, a sink a long staircase Level 2 a general store, some fountains Level 3 a sink stairs to The Gnomish Mines The Gnomish Mines: levels 4 to 6 Level 4 stairs to The Dungeons of Doom Level 5 Level 6 <- You were here a general store, a fountain History has recorded: On T:1 you entered the Dungeons of Doom to retrieve the Amulet of Yendor! On T:275 you advanced to experience level 2. On T:300 you reached level 2 of The Dungeons of Doom. On T:924 you advanced to experience level 3. On T:1018 you reached level 3 of The Dungeons of Doom. On T:1302 you reached level 1 of The Gnomish Mines. On T:1411 you advanced to experience level 4. On T:1880 you reached level 2 of The Gnomish Mines. On T:1985 you advanced to experience level 5. On T:2496 you reached level 3 of The Gnomish Mines. Score breakdown: Gold: 0 ( 0 points) Experience: 5 levels (11141 points) Exploration: 6 levels ( 13.33%) (10112 points) Discoveries: 8 items ( 2.80%) ( 5017 points) Valuables value: (no points given unless you survive) Artifact value: 0 ( 0 points) Variety of kills: 23 monsters ( 6.04%) ( 7370 points) Turncount: 2566 turns ( -369 points) Survival: died (score multiplied by 80%) Total score: 26616 Latest messages: You sold a tooled horn for 7 gold pieces. You drop 6 cursed candles. You sold 6 cursed candles for 30 gold pieces. You see here a horn (66 zorkmids). You see here a food ration (60 zorkmids). Qwerty picks up a scroll. "For you, esteemed sir; only 60 for this food ration." You have a little trouble lifting S - a food ration (unpaid, 60 zorkmids). Wait! That's a giant mimic! You miss the giant mimic. You hit the giant mimic! The giant mimic hits! (2x) Qwerty drops a scroll. You miss the giant mimic. You hit the giant mimic. Qwerty picks up a scroll. You miss the giant mimic. The giant mimic hits! (2x) You die... Sipaliwini comes and takes all your possessions. Final status: Goodbye Rowan the Priest, killed by a giant mimic... You died in The Gnomish Mines on dungeon level 6 with 26616 points, and 0 pieces of gold, after 2566 moves. You were level 5 with a maximum of 36 hit points when you died.